 Dungeon Crawl Stone Soup version 0.15.2 (webtiles) character file.

41171 magipi the Severer (level 14, -6/114 (115) HPs)
             Began as a Hill Orc Gladiator on Sept 21, 2015.
             Was the Champion of Makhleb.
             Mangled by Urug
             ... wielding a +1 war axe of venom
              (32 damage)
             ... on Level 3 of the Orcish Mines.
             The game lasted 02:16:58 (14037 turns).

magipi the Severer (Hill Orc Gladiator)            Turns: 14037, Time: 02:16:58

HP  -6/114 (115) AC 23     Str 19      XL: 14   Next: 14%
MP  31/31        EV 14     Int  8      God: Makhleb [******]
Gold 1754        SH  0     Dex 15      Spells:  0 memorised, 13 levels left

rFire  . . .     SeeInvis .     a - +2 executioner's axe (elec)
rCold  . . .     Clarity  .     P - +3 chain mail {rN+}
rNeg   + + .     rCorr    .     (no shield)
rPois  +         rRot     .     Z - +2 helmet of the Barber Surgeon {rPois rN+ MR++}
rElec  .         Spirit   .     o - +1 cloak
SustAb .         Warding  .     (no gloves)
rMut   .         Stasis   .     G - +1 pair of boots
Gourm  .                        (no amulet)
MR     +++..                    U - +4 ring of evasion
                                X - ring of Porghou {EV+3 Slay+6}

@: extremely resistant to hostile enchantments, extremely unstealthy
A: no striking features
a: Minor Destruction, Lesser Servant of Makhleb, Major Destruction, Greater
Servant of Makhleb, Renounce Religion


You were on level 3 of the Orcish Mines.
You worshipped Makhleb.
Makhleb was exalted by your worship.
You were not hungry.

You visited 4 branches of the dungeon, and saw 25 of its levels.
You also visited: Labyrinth, Ossuary and Volcano.

You collected 1754 gold pieces.

Inventory:

Hand weapons
 a - a +2 executioner's axe of electrocution (weapon)
 b - a +0 blowgun
 n - a +1 battleaxe of freezing
Missiles
 g - 2 curare-tipped needles
 u - 14 tomahawks (quivered)
 w - 62 poisoned needles
Armour
 o - a +1 cloak (worn)
 G - a +1 pair of boots (worn)
 I - a +1 ring mail of cold resistance
 P - a +3 chain mail of positive energy (worn)
 R - a +0 animal skin of fire resistance
 Z - the +2 helmet of the Barber Surgeon (worn) {rPois rN+ MR++}
   (You acquired it in a labyrinth)

   It protects you from poison.
   It protects you from negative energy.
   It affects your resistance to hostile enchantments.
Magical devices
 l - a wand of hasting (0)
 N - a wand of magic darts (17)
 O - a wand of paralysis (11)
 T - a wand of confusion (0)
 V - a wand of fire (13)
Comestibles
 f - 11 meat rations
 v - 11 bread rations
 C - 3 fruits
Scrolls
 k - 9 scrolls of remove curse
 q - a scroll of fear
 y - 3 scrolls of teleportation
Jewellery
 i - an uncursed ring of see invisible
 L - an uncursed ring of ice
 M - an uncursed ring of fire
 U - a +4 ring of evasion (right hand)
 X - the ring of Porghou (left hand) {EV+3 Slay+6}
   (You found it on level 8 of the Lair of Beasts)

   [ring of evasion]

   It affects your evasion (+3).
   It affects your accuracy and damage with ranged weapons and melee attacks
   (+6).
Potions
 j - 5 potions of flight
 m - 2 potions of restore abilities
 p - 3 potions of heal wounds
 r - 3 potions of resistance
 s - 2 potions of cure mutation
 x - 10 potions of curing
 z - a potion of brilliance {unknown}
 A - a potion of agility {unknown}
 B - 5 potions of invisibility {unknown}
 D - 2 potions of magic {unknown}
 E - 2 potions of poison {unknown}
 F - a potion of confusion {unknown}
 H - 4 potions of lignification
 J - 3 potions of degeneration {unknown}
 K - 2 potions of cancellation {unknown}
 Q - 2 potions of berserk rage {unknown}
 S - a potion of might {unknown}
Books
 e - a Grand Grimoire {highlevel, unknown}

   This book is beyond your current level of understanding.

   Spells                             Type                      Level
   Aura of Abjuration                 Summoning                    6
   Forceful Dismissal                 Summoning                    6
   Summon Greater Demon               Summoning                    7
   Malign Gateway                     Summoning/Translocation      7
   Summon Horrible Things             Summoning                    8
 W - a book of Wizardry

   Spells                             Type                      Level
   Agony                              Necromancy                   5
   Force Lance                        Conjuration                  5
   Dispersal                          Translocation                6
   Haste                              Charms                       6
   Invisibility                       Hexes                        6
   Spellforged Servitor               Conjuration/Summoning        7
Rods
 c - a +4 lightning rod (9/9)
   (You found it in a labyrinth)
 d - a +0 lightning rod (11/11)
   (You took it off a minotaur in a labyrinth)


   Skills:
 - Level 8.0 Fighting
 + Level 16.7 Axes
 - Level 4.0 Throwing
 - Level 11.0 Armour
 - Level 8.0 Dodging
 - Level 14.4 Invocations
 + Level 7.4 Evocations


You had 13 spell levels left.
You didn't know any spells.

Dungeon Overview and Level Annotations

Branches:
Dungeon (12/15)            Temple (1/1) D:7             Orc (4/4) D:9
    Elf (0/3) Orc:4          Lair (8/8) D:11          Swamp (0/5) Lair:4
  Snake (0/5) Lair:5        Slime (0/6) Lair:7

Altars:
Ashenzari
Cheibriados
Dithmenos
Elyvilon
Fedhas
Kikubaaqudgha
Makhleb
Nemelex Xobeh
Okawaru
Qazlal
Sif Muna
Trog
Vehumet
Xom
Yredelemnul
Zin
The Shining One

Shops:
D:12 (

Portals:
Trove: D:10 (give +3 storm dragon armour)

Annotations:
D:4 Prince Ribbit
D:11 magipi's ghost, experienced DDGl
Orc:3 Urug
Orc:4 Saint Roka
Lair:4 Snorg
Lair:5 exclusion: oklob plant

Vault maps used:
D:1:      lemuel_arrival_lava_pool
D:2:      minmay_misc_feat_tiny, minmay_misc_feat_chi, uniq_iyjb,
          uniq_crazy_yiuf_cottage
D:3:      first_bread, grunt_ministairs_9
D:4:      fiery_altar_vehumet, lightli_ossuary_entry_decrepit_ruins
D:5:      basic_altar, uniq_eustachio, uniq_pikel, uniq_prince_ribbit1,
          uniq_natasha
D:6:      lightli_temple_of_fire, overflow_temple_1_default, old_standard_altar
D:7:      temple_green
D:8:      special_room
D:9:      lemuel_doored_altar, david_orc_4, hangedman_ranch, lightli_minifort
D:10:     serial_shops, shop, nicolae_trove_entry_diagonal, spider_trap,
          st_stairs_1, uniq_harold
D:11:     dpeg_oklobed_lair, lemuel_angel_altar, uniq_psyche
D:12:     serial_shops, shop, lab_entry_generic
Temple:   circular_temple_12
Orc:1:    basic_altar, uniq_joseph
Orc:3:    nicolae_orc_pool_cavern
Orc:4:    nicolae_orc_accident_1, basic_altar, grunt_orc_tribal_feast,
          minmay_orc_treasury, uniq_urug, uniq_saint_roka
Lair:1:   minmay_stone_trees_medium, grunt_megastairs_1
Lair:2:   nicolae_volcano_entry_batcave
Lair:3:   beast_lair_carwin_3
Lair:4:   beast_lair_carwin_large_2, swamp_mist_pool, roderic_ravens_nest,
          uniq_snorg
Lair:5:   guppyfry_snake_entry_garden
Lair:7:   nicolae_slime_entry_slimehenge
Lair:8:   grunt_lair_end_beastmaster
Lab:      labyrinth_green
Ossuary:  ossuary_tomb_2
Volcano:  volcano_pools


Message History

You now have 1739 gold pieces (gained 17).
Items here: % )) [ a club; a whip; a scale mail; an orc corpse You offer a prayer to Makhleb.
The orc corpse flares red and disappears.
Makhleb is exalted by your worship.
Things that are here:
a flail; a scale mail; an orc corpse You offer a prayer to Makhleb.
The orc corpse flares red and disappears.
Makhleb is exalted by your worship.
You now have 1754 gold pieces (gained 15).
You are feeling hungry.
There is a stone staircase leading down here.
Eat which item? (? for menu, Esc to quit)
Mmm - a full handful of raspberries!
You climb downwards.
Level annotation: Saint Roka 2 orcs and Urug come into view.
Urug shouts!
The orc shouts!
Urug throws a javelin.
The javelin closely misses you.
Found a javelin.
Found a stone staircase leading up.
An orc wizard comes into view. It is wielding a dagger.
There is a stone staircase leading up here. 2 orcs come into view.
The orc shouts! x2
The orc wizard shouts!
Urug hits you with a glowing war axe!
The orc wizard casts a spell.
The orc wizard blinks!
The orc hits you but does no damage.
An orc comes into view. It is wielding a club.
You slash Urug!
Urug is moderately wounded.
You slash the orc!
You kill the orc!
Makhleb accepts your kill.
You feel a little better.
You slash the orc!
There is a sudden explosion of sparks!
You kill the orc!
Makhleb accepts your kill.
You feel a little better. Urug hits you with a glowing war axe.
An orc comes into view. It is wielding a dagger.
You slash Urug!
There is a sudden explosion of sparks!
Urug is severely wounded.
Urug hits you but does no damage.
An orc and an ogre come into view.
Unknown command.
You hit Urug.
Urug is severely wounded.
The orc hits you but does no damage. Urug hits you with a glowing war axe!
Unknown command.
You barely miss Urug.
Urug is severely wounded.
You hit the orc.
There is a sudden explosion of sparks!
You kill the orc!
Makhleb accepts your kill.
You feel a little better. The orc misses you.
Urug hits you with a glowing war axe.
The orc hits you from afar with a trident.
An orc comes into view. It is wielding a club.
Unknown command.
The orc shouts!
Urug throws a javelin.
The javelin hits you but does no damage.
Saint Roka calls down the wrath of Beogh upon you.
Something smites you!
You see here a javelin.
Urug throws a javelin.
The javelin misses you.
Saint Roka calls down the wrath of Beogh upon you.
Something smites you!
An orc comes into view. It is wielding a trident.
There is a stone staircase leading up here.
Urug throws a javelin.
The javelin misses you. The orc closely misses you. The orc misses you.
The orc priest calls down the wrath of Beogh upon you.
Something smites you!
Saint Roka roars a battle-cry!
The orcs go into a battle-frenzy!
An orc priest comes into view. It is wielding a war axe.
The orc priest shouts!
The orc barely misses you. The orc hits you but does no damage.
Saint Roka invokes the aid of Beogh against you.
Something smites you!
An orc knight comes into view. It is wielding a long sword.
The orc warrior shouts!
The orc knight shouts!
The orc priest threatens, "By the altar or by the axe, you will meet Beogh!"
The orc hits you but does no damage.
The orc knight roars a battle-cry!
The orcs go into a battle-frenzy!
The orc completely misses you. The orc hits you but does no damage.
Urug hits you with a glowing war axe!!
* * * LOW HITPOINT WARNING * * *
You climb upwards.
There is a stone staircase leading down here.
Unknown command.
You hit the orc.
There is a sudden explosion of sparks!
You kill the orc!
Makhleb accepts your kill.
You feel a little better. Urug hits you with a glowing war axe!!
You die...

##..).......###.###.
##.#))......#..##.#..
#..................#.
##.#................ .
##....#.#.#.......#..
##...#............##.
####...................
##.......................
#.........#....o@#.......
.#..#..........o).#.....#
.)....................#
.#...................#.#
#...........>...........#
######.................#.
##.....[[.......#... #
##...))[...#....... #####
##...).....#.##.#


You could see Urug (frenzied) and an orc (frenzied).

Table legend:
 A = Kills in this place as a percentage of kills in entire the game.
 B = Kills by you in this place as a percentage of kills by you in the entire game.
 C = Kills by friends in this place as a percentage of kills by friends in the entire game.
 D = Other kills in this place as a percentage of other kills in the entire game.
 E = Experience gained in this place as a percentage of experience gained in the entire game.
 F = Experience gained in this place divided by the number of levels of this place that you have seen.
                   A       B       C       D       E      F
               +-------+-------+-------+-------+-------+----------------------
         Total | 100.0 | 100.0 | 100.0 |  -nan | 100.0 | 2100.6
       Dungeon |  49.6 |  50.3 |  15.4 |  -nan |  30.2 | 1479.5
  Orcish Mines |  20.0 |  19.3 |  53.8 |  -nan |   8.3 | 1223.5
          Lair |  24.7 |  24.6 |  30.8 |  -nan |  54.9 | 4035.5
     Labyrinth |   0.1 |   0.2 |   0.0 |  -nan |   1.2 | 723.0
       Ossuary |   4.6 |   4.7 |   0.0 |  -nan |   1.1 | 620.0
       Volcano |   0.9 |   0.9 |   0.0 |  -nan |   4.3 | 2541.0
               +-------+-------+-------+-------+-------+----------------------

Vanquished Creatures
  A minotaur (Lab)
  Harold (D:10)
  An ogre mage (Volcano)
  4 death yaks
  An unseen horror (D:12)
  3 hill giants
  Pikel (D:5)
  2 griffons
  3 elephants (Lair:7)
  2 orc sorcerers
  2 ugly things
  Joseph (Orc:1)
  2 black mambas
  8 spiny frogs
  7 komodo dragons
  2 fire drakes
  A troll (Orc:4)
  3 two-headed ogres (Volcano)
  2 hydra skeletons
  A raven (Lair:4)
  2 basilisks
  A boulder beetle (Lair:5)
  15 blink frogs
  4 deep elf magi
  3 fire bats (Lair:2)
  A shadow (D:11)
  Eustachio (D:4)
  A hill giant skeleton (D:11)
  2 wyverns
  12 yaks
  2 steam dragons (D:11)
  16 wolves
  4 wargs
  9 hippogriffs
  19 water moccasins
  8 porcupines
  2 black bears
  2 ice beasts
  A manticore zombie (D:10)
  A sky beast (D:11)
  2 necrophages
  2 phantoms
  2 slaves (D:5)
  2 yellow wasps
  2 ogres
  14 orc warriors
  9 crocodiles
  6 big kobolds
  2 boring beetles
  6 centaurs
  13 giant frogs
  6 water moccasin zombies (Ossuary)
  6 killer bees (D:12)
  5 scorpions
  An electric eel (D:9)
  A yak skeleton (D:7)
  A goliath beetle (D:8)
  A quasit (D:7)
  4 crimson imps
  Crazy Yiuf (D:2)
  12 hounds
  7 iguanas
  4 jellies
  15 orc priests
  23 orc wizards
  9 worker ants
  A killer bee zombie (D:9)
  7 sheep
  Ijyb (D:2)
  2 big kobold zombies (Ossuary)
  A mottled dragon zombie (D:8)
  2 mummies (Ossuary)
  11 gnolls
  5 green rats (Lair:3)
  An inept feature mimic (D:3)
  23 adders
  4 shadow imps
  A giant mite (D:4)
  4 worms
  7 adder zombies (Ossuary)
  11 giant geckos
  3 oozes
  131 orcs
  3 ball pythons
  A bat skeleton (D:4)
  A gnoll zombie (Ossuary)
  18 goblins
  21 hobgoblins
  8 jackals
  13 quokkas
  9 bats
  A giant cockroach (D:2)
  3 giant newts
  A giant spore (D:10)
  A hobgoblin skeleton (D:7)
  5 hobgoblin zombies
  30 kobolds
  6 kobold zombies (Ossuary)
  An orc skeleton (D:10)
  4 orc zombies
  13 rats
  2 ballistomycetes (D:10)
  A fungus (Lair:2)
  3 plants (D:11)
670 creatures vanquished.

Vanquished Creatures (collateral kills)
  2 hydras (Lair:5)
  An ugly thing (D:11)
  Psyche (D:11)
  A troll (Orc:4)
  2 wolves (Lair:5)
  An orc warrior (Orc:4)
  A warg (Orc:4)
  2 orc wizards (Orc:4)
  2 orcs (Orc:4)
13 creatures vanquished.

Vanquished Creatures (others)
  2 balrugs (Orc:4)
  A cacodemon (Orc:4)
  2 green deaths (Lab)
  An orange demon (Lair:7)
  2 hellwings
  A bat (D:4)
  A giant spore (D:10)
  8 fungi
  16 plants (Lair:8)
34 creatures vanquished.

Grand Total: 717 creatures vanquished

Notes
Turn   | Place    | Note
--------------------------------------------------------------
     0 | D:1      | magipi, the Hill Orc Gladiator, began the quest for the Orb.
     0 | D:1      | Reached XP level 1. HP: 18/18 MP: 1/1
    65 | D:1      | Reached XP level 2. HP: 22/25 MP: 2/2
   224 | D:1      | Reached skill level 5 in Axes
   295 | D:2      | Reached XP level 3. HP: 26/30 MP: 3/3
   531 | D:2      | Reached skill level 6 in Axes
   591 | D:2      | Noticed Crazy Yiuf
   598 | D:2      | Killed Crazy Yiuf
   598 | D:2      | Reached XP level 4. HP: 9/37 MP: 4/4
   719 | D:2      | Noticed Ijyb
   741 | D:2      | Killed Ijyb
   741 | D:2      | Reached skill level 7 in Axes
  1043 | D:2      | Reached XP level 5. HP: 34/42 MP: 5/5
  1332 | D:3      | Reached skill level 8 in Axes
  1572 | D:3      | Reached XP level 6. HP: 39/50 MP: 6/6
  1781 | D:4      | Reached skill level 9 in Axes
  1922 | D:4      | Found a radiant altar of Vehumet.
  1933 | D:4      | Reached skill level 10 in Axes
  1933 | D:4      | Reached XP level 7. HP: 35/56 MP: 7/7
  2333 | D:4      | Found a sand-covered staircase.
  2343 | Ossuary  | Entered an ossuary
  2369 | Ossuary  | Reached skill level 1 in Armour
  2442 | Ossuary  | Reached XP level 8. HP: 39/66 MP: 8/8
  2542 | Ossuary  | Reached skill level 5 in Fighting
  2679 | D:5      | Entered Level 5 of the Dungeon
  2685 | D:5      | Noticed Prince Ribbit
  2910 | D:5      | Noticed Eustachio
  2920 | D:4      | Killed Eustachio
  3044 | D:4      | HP: 2/70 [Prince Ribbit (10)]
  3309 | D:5      | Noticed Pikel
  3361 | D:5      | Killed Pikel
  3361 | D:5      | Reached XP level 9. HP: 71/79 MP: 9/9
  3472 | D:5      | Found a shimmering altar of Xom.
  3545 | D:6      | Found a bloodstained altar of Trog.
  3554 | D:6      | Found a sparkling altar of Nemelex Xobeh.
  3887 | D:6      | Found a blossoming altar of Fedhas.
  4200 | D:7      | Found a staircase to the Ecumenical Temple.
  4207 | Temple   | Entered the Ecumenical Temple
  4237 | Temple   | Became a worshipper of Makhleb the Destroyer
  4625 | D:8      | Acquired Makhleb's first power
  4659 | D:8      | Reached XP level 10. HP: 76/87 MP: 10/10
  4677 | D:8      | Reached skill level 5 in Dodging
  4938 | D:9      | Acquired Makhleb's second power
  4946 | D:9      | Noticed a hill giant
  5172 | D:9      | Found a glowing silver altar of Zin.
  5244 | D:10     | Entered Level 10 of the Dungeon
  5244 | D:10     | Noticed Harold
  5295 | D:10     | Killed Harold
  5483 | D:10     | Identified a scroll of acquirement
  5602 | D:10     | Reached skill level 10 in Armour
  5851 | D:10     | Acquired Makhleb's third power
  5930 | D:10     | Reached skill level 11 in Axes
  6027 | D:10     | Found a portal to a secret trove of treasure.
  6333 | D:11     | Reached XP level 11. HP: 93/93 MP: 11/11
  6338 | D:11     | Acquired Makhleb's fourth power
  6409 | D:11     | Reached skill level 12 in Axes
  6575 | D:11     | Found a glowing golden altar of the Shining One.
  6576 | D:11     | Noticed an angel
  6576 | D:11     | Noticed a red ugly thing
  6579 | D:11     | Noticed Psyche
  6625 | D:11     | Found a staircase to the Lair.
  6663 | D:11     | Noticed a hill giant
  6692 | D:11     | Killed a hill giant
  6717 | D:11     | Noticed magipi's ghost (experienced DDGl)
  6728 | Lair:1   | Entered Level 1 of the Lair of Beasts
  7168 | Lair:2   | Reached skill level 13 in Axes
  7323 | Lair:2   | Found a dark tunnel.
  7389 | Volcano  | Entered a volcano
  7405 | Volcano  | Noticed an ogre mage
  7418 | Volcano  | Acquired Makhleb's fifth power
  7423 | Volcano  | Killed an ogre mage
  7423 | Volcano  | Reached skill level 14 in Axes
  7547 | Volcano  | Noticed a hill giant
  7566 | Volcano  | Killed a hill giant
  7708 | Lair:1   | Reached XP level 12. HP: 76/100 MP: 12/12
  7719 | Lair:1   | Reached skill level 15 in Axes
  8038 | Lair:3   | Noticed a five-headed hydra
  8097 | Lair:3   | Noticed an eight-headed hydra
  8160 | Lair:4   | Noticed Snorg
  8343 | Lair:4   | Reached skill level 16 in Axes
  8429 | Lair:4   | Found a staircase to the Swamp.
  8675 | Lair:5   | Reached skill level 1 in Invocations
  8799 | Lair:5   | Noticed a seven-headed hydra
  9054 | Lair:6   | Reached skill level 5 in Invocations
  9250 | Lair:7   | Got a fine leather armour
  9262 | Lair:7   | Identified the +1 leather armour of Seupuin {rC+} (You found it on level 7 of the Lair of Beasts)
  9399 | Lair:7   | Found a staircase to the Slime Pits.
  9497 | Lair:7   | Reached XP level 13. HP: 63/106 MP: 26/26
  9502 | Lair:7   | Noticed a four-headed hydra
  9549 | Lair:7   | Reached skill level 10 in Invocations
  9610 | Lair:8   | Entered Level 8 of the Lair of Beasts
  9979 | Lair:8   | Got a smoking glass ring
  9988 | Lair:8   | Identified the ring of Porghou {EV+3 Slay+6} (You found it on level 8 of the Lair of Beasts)
 10319 | Lair:5   | Killed a seven-headed hydra
 10375 | Lair:5   | Noticed a six-headed hydra
 10384 | Lair:5   | Killed a six-headed hydra
 10479 | Lair:5   | Found a staircase to the Snake Pit.
 11144 | D:12     | Found a labyrinth entrance.
 11153 | Lab      | Entered a labyrinth
 11759 | Lab      | Noticed a minotaur
 11775 | Lab      | Killed a minotaur
 11792 | Lab      | Got a transparent glass ring
 11799 | Lab      | Got a jewelled helmet
 11810 | Lab      | Identified the +2 helmet of the Barber Surgeon {rPois rN+ MR++} (You acquired it in a labyrinth)
 11827 | D:12     | Identified the ring "Thrufah" {MP+9 Int+2} (You found it in a labyrinth)
 11851 | D:12     | Reached skill level 1 in Evocations
 11886 | D:12     | Found Preubeza's Antique Weapon Shop.
 12434 | D:11     | Noticed a hill giant
 12441 | D:11     | Killed a hill giant
 12498 | D:11     | Noticed a cyan ugly thing
 12508 | D:11     | Killed a cyan ugly thing
 12513 | D:11     | Killed a red ugly thing
 12557 | D:11     | Killed Psyche
 12557 | D:11     | Reached skill level 5 in Evocations
 12907 | D:9      | Found a staircase to the Orcish Mines.
 12920 | Orc:1    | Entered Level 1 of the Orcish Mines
 12928 | Orc:1    | Reached XP level 14. HP: 75/114 MP: 31/31
 13172 | Orc:1    | Found a glowing golden altar of the Shining One.
 13212 | Orc:1    | Noticed Joseph
 13227 | Orc:1    | Killed Joseph
 13611 | Orc:4    | Entered Level 4 of the Orcish Mines
 13611 | Orc:4    | Found a staircase to the Elven Halls.
 13630 | Orc:4    | Noticed Saint Roka
 14019 | Orc:4    | Noticed Urug
 14037 | Orc:3    | Mangled by Urug

Action                   |  1- 3 |  4- 6 |  7- 9 | 10-12 | 13-15 || total
-------------------------+-------+-------+-------+-------+-------++-------
Melee: War axe           |    78 |   195 |   450 |   136 |       ||   859
       Executioner's axe |       |       |       |   481 |   455 ||   936
       Battleaxe         |       |       |       |    15 |       ||    15
 Fire: Blowgun           |       |       |     3 |    24 |       ||    27
Throw: Throwing net      |     1 |       |     2 |     3 |       ||     6
       Tomahawk          |       |       |     4 |     2 |    13 ||    19
Invok: Lesser Servant of |       |       |       |       |     7 ||     7
       Greater Servant o |       |       |       |       |     6 ||     6
Evoke: Wand              |       |       |     1 |    11 |     1 ||    13
  Use: Scroll            |       |     6 |    12 |    11 |    11 ||    40
       Potion            |       |       |     1 |     5 |     1 ||     7
 Stab: Held in net/web   |       |       |     2 |     1 |       ||     3
       Confused          |       |       |       |     1 |       ||     1
       Distracted        |       |       |       |       |     1 ||     1
  Eat: Chunk             |       |     4 |     3 |     1 |       ||     8
       Pizza             |       |       |     1 |     6 |     1 ||     8
       Royal jelly       |       |       |     1 |       |       ||     1
       Beef jerky        |       |       |     2 |     5 |       ||     7
       Fruit             |       |       |       |       |    19 ||    19

Action                   |  1- 3 |  4- 6 |  7- 9 | 10-12 | 13-15 || total
-------------------------+-------+-------+-------+-------+-------++-------
Melee: War axe           |    78 |   195 |   450 |   136 |       ||   859
       Executioner's axe |       |       |       |   481 |   455 ||   936
       Battleaxe         |       |       |       |    15 |       ||    15
 Fire: Blowgun           |       |       |     3 |    24 |       ||    27
Throw: Throwing net      |     1 |       |     2 |     3 |       ||     6
       Tomahawk          |       |       |     4 |     2 |    13 ||    19
Invok: Lesser Servant of |       |       |       |       |     7 ||     7
       Greater Servant o |       |       |       |       |     6 ||     6
Evoke: Wand              |       |       |     1 |    11 |     1 ||    13
  Use: Scroll            |       |     6 |    12 |    11 |    11 ||    40
       Potion            |       |       |     1 |     5 |     1 ||     7
 Stab: Held in net/web   |       |       |     2 |     1 |       ||     3
       Confused          |       |       |       |     1 |       ||     1
       Distracted        |       |       |       |       |     1 ||     1
  Eat: Chunk             |       |     4 |     3 |     1 |       ||     8
       Pizza             |       |       |     1 |     6 |     1 ||     8
       Royal jelly       |       |       |     1 |       |       ||     1
       Beef jerky        |       |       |     2 |     5 |       ||     7
       Fruit             |       |       |       |       |    19 ||    19

Action                   |  1- 3 |  4- 6 |  7- 9 | 10-12 | 13-15 || total
-------------------------+-------+-------+-------+-------+-------++-------
Melee: War axe           |    78 |   195 |   450 |   136 |       ||   859
       Executioner's axe |       |       |       |   481 |   455 ||   936
       Battleaxe         |       |       |       |    15 |       ||    15
 Fire: Blowgun           |       |       |     3 |    24 |       ||    27
Throw: Throwing net      |     1 |       |     2 |     3 |       ||     6
       Tomahawk          |       |       |     4 |     2 |    13 ||    19
Invok: Lesser Servant of |       |       |       |       |     7 ||     7
       Greater Servant o |       |       |       |       |     6 ||     6
Evoke: Wand              |       |       |     1 |    11 |     1 ||    13
  Use: Scroll            |       |     6 |    12 |    11 |    11 ||    40
       Potion            |       |       |     1 |     5 |     1 ||     7
 Stab: Held in net/web   |       |       |     2 |     1 |       ||     3
       Confused          |       |       |       |     1 |       ||     1
       Distracted        |       |       |       |       |     1 ||     1
  Eat: Chunk             |       |     4 |     3 |     1 |       ||     8
       Pizza             |       |       |     1 |     6 |     1 ||     8
       Royal jelly       |       |       |     1 |       |       ||     1
       Beef jerky        |       |       |     2 |     5 |       ||     7
       Fruit             |       |       |       |       |    19 ||    19
